 Dungeon Sprint DCSS version 0.27-a0-93-g19769c27d7 (webtiles) character file.

Game seed: 3642371415628686839

31115 mhtbhm the Metallomancer (level 13, -1/65 HPs)
             Began as a Gargoyle Earth Elementalist on Jan 16, 2021.
             Was the Champion of Vehumet.
             Slain by a black mamba simulacrum (18 damage)
             ... in the Dungeon (Sprint III: "The Ten Rune Challenge").
             The game lasted 00:15:16 (5721 turns).

mhtbhm the Metallomancer (GrEE)                     Turns: 5721, Time: 00:15:17

Health: -1/65      AC: 16    Str: 13    XL:     13   Next: 56%
Magic:  37/41      EV: 13    Int: 22    God:    Vehumet [******]
Gold:   1452       SH:  0    Dex: 10    Spells: 22/54 levels left

rFire    . . .     SeeInvis .   r - +2 whip (freeze)
rCold    . . .     Faith    .   (no shield)
rNeg     + . .     Spirit   .   c - +0 robe
rPois    ∞         Reflect  .   (no helmet)
rElec    +         Harm     .   t - +1 cloak
rCorr    .         Rampage  .   s - +2 pair of gloves
Will     .....     NoTele   +   (no boots)
Stlth    ++........             (no amulet)
HPRegen  0.00/turn              (no ring)
MPRegen  0.27/turn              (no ring)

@: no status effects
A: talons 1, clever 1, high mp 1, negative energy resistance 1, electricity
resistance, inhibited regeneration, wild magic 1, unbreathing, petrification
resistance, miasma immunity, AC +9
a: Renounce Religion


You were in the Dungeon.
You worshipped Vehumet.
Vehumet was exalted by your worship.
You visited 1 branch You collected 1992 gold pieces.
You spent 540 gold pieces at shops.

Inventory:

Hand Weapons
 r - a +2 whip of freezing (weapon)
Missiles
 b - 3 stones
 n - 7 curare-tipped darts
Armour
 c - a +0 robe (worn)
 s - a +2 pair of gloves (worn)
 t - a +1 cloak (worn)
Wands
 j - a wand of acid (19)
Scrolls
 a - 3 scrolls of remove curse
 i - 2 scrolls of blinking
 k - a scroll of torment {unknown}
 l - 13 scrolls of identify
 m - a scroll of amnesia {unknown}
 o - a scroll of holy word {unknown}
Potions
 d - 2 potions of curing
 f - a potion of haste
 g - 2 potions of magic
 h - 2 potions of berserk rage
 p - a potion of might
Miscellaneous
 q - a tin of tremorstones (2/2)


   Skills:
 + Level 1.3 Fighting
 + Level 4.5 Dodging
 - Level 3.1 Stealth
 + Level 21.1 Spellcasting
 + Level 3.2 Conjurations
 + Level 2.7 Transmutations
 + Level 1.2 Fire Magic
 + Level 0.8 Air Magic
 + Level 25.5 Earth Magic
 + Level 1.0 Poison Magic
 + Level 3.2 Evocations


You had 22 spell levels left.
You knew the following spells:

 Your Spells              Type           Power        Failure   Level
a - Sandblast             Erth           100%         1%          1
b - Passwall              Tmut/Erth      70%          1%          2
c - Stone Arrow           Conj/Erth      100%         1%          3
d - Lee's Rapid Deconstr  Erth           54%          1%          5
e - Petrify               Tmut/Erth      84%          1%          4
f - Mephitic Cloud        Conj/Pois/Air  40%          1%          3
g - Ignite Poison         Fire/Tmut/Pois 39%          1%          3
h - Bolt of Magma         Conj/Fire/Erth 36%          1%          5
i - Iron Shot             Conj/Erth      42%          1%          6

Your spell library contained the following spells:

 Spells                   Type           Power        Failure   Level
 Shatter                  Erth           54%          2%          9
 Ignition                 Fire           18%          100%        8
 Fire Storm               Conj/Fire      21%          100%        9
 Magic Dart               Conj           100%         1%          1
 Conjure Flame            Conj/Fire      42%          1%          3
 Blink                    Tloc           N/A          5%          2
 Call Imp                 Summ           30%          5%          2
 Slow                     Hex            30%          5%          2
 Confusing Touch          Hex            30%          10%         3
 Gell's Gravitas          Tloc           15%          10%         3
 Yara's Violent Unravell  Hex/Tmut       19%          11%         5
 Metabolic Englaciation   Hex/Ice        15%          56%         5


Dungeon Overview and Level Annotations

Branches:
Dungeon (1/1)

Altars:
Cheibriados
Dithmenos
Elyvilon
Fedhas
Gozag
Hepliaklqana
Kikubaaqudgha
Makhleb
Nemelex Xobeh
Okawaru
Qazlal
Ru
Sif Muna
Trog
Uskayaw
Vehumet
Wu Jian
Xom
Yredelemnul
Zin
The Shining One
Beogh
Jiyva
Lugonu

Shops:
D }!=:(?}?=*[[


Innate Abilities, Weirdness & Mutations

You are resistant to torment.
Your stone body is resilient. (AC +9)
You are immune to poison.
You resist negative energy. (rN+)
You are resistant to electric shocks. (rElec)
You can survive without breathing.
You are immune to petrification.
You are immune to miasma.
You have sharp toenails.
Your mind is acute. (Int +2)
You have an increased reservoir of magic. (+10% MP)
You do not regenerate when monsters are visible.
Your spells are a little harder to cast, but a little more powerful.


Message History

The fire dragon simulacrum partially resists.
The fire dragon simulacrum is severely damaged.
The icy blast hits the fire dragon simulacrum!!
The fire dragon simulacrum partially resists.
The fire dragon simulacrum is severely damaged.
The icy blast hits the black mamba simulacrum!
The black mamba simulacrum partially resists.
The black mamba simulacrum is heavily damaged.
You are engulfed in freezing vapours.
The black mamba simulacrum bites you.
The black mamba simulacrum freezes you!!
* * * LOW HITPOINT WARNING * * *
Unknown command.
You feel much better.
You are engulfed in freezing vapours.
* * * LOW HITPOINT WARNING * * *
The black mamba simulacrum closely misses you. x2
You feel much better.
You are engulfed in freezing vapours.
The black mamba simulacrum bites you.
* * * LOW HITPOINT WARNING * * *
The black mamba simulacrum freezes you!!
You die...

≈≈†........≈≈≈...##.#.#.##.......
♣≈≈≈≈≈≈≈≈≈≈≈≈♣♣P.'.#.#.#.#.......
♣♣♣♣♣♣♣♣♣♣♣♣♣♣♣PP##.#.#.#########
♣ ♣♣♣##)########
♣♣♣♣♣♣♣♣♣♣♣♣♣♣♣♣♣#.).'.≈§≈≈#
##).##≈≈≈≈≈≈..#○○#...#.≈≈≈§#
#.##.#≈≈≈≈≈...#ZZ#...#.#≈≈≈##
†##.##'≈≈≈≈§####Z#####.# ≈§≈###≈
.##..†#(≈..§☼○☼○@#)..).###≈§≈≈≈≈
#.##..#≈.('#######....P#.#c≈≈≈≈≈
#.#####...#.(....#.....#'###≈≈≈≈
..##......#♣♣♣._(#..)[.#..○# ≈ ≈
####+#############'#####§○°###
▓tt.........P▓#.....+§☼☼○○#
▓≈≈.t......≈≈▓#.###########
▓≈≈≈......≈≈≈▓#.#
▓≈≈≈≈≈..≈≈≈≈≈▓#.# ######


You could see a black mamba simulacrum and 2 fire dragon simulacra.

Vanquished Creatures
  A deep elf master archer (D)
  A kraken (D)
  Frances (D)
  Donald (D)
  2 deep elf demonologists (D)
  2 deep elf annihilators (D)
  2 deep elf death magi (D)
  Snorg (D)
  2 hydras (D)
  A centaur warrior (D)
  4 orc high priests (D)
  Urug (D)
  A skeletal warrior (D)
  A spriggan druid (D)
  An unseen horror (D)
  A death drake (D)
  An orange crystal statue (D)
  A lindwurm (D)
  6 deep elf magi (D)
  4 crystal guardians (D)
  2 cane toads (D)
  A komodo dragon (D)
  A rime drake (D)
  3 wandering mushrooms (D)
  A queen bee (D)
  2 tyrant leeches (D)
  4 statues (D)
  2 snapping turtles (D)
  2 spriggans (D)
  A shadow (D)
  3 redbacks (D)
  A spatial vortex (D)
  A floating eye (D)
  4 orc warriors (D)
  A swamp drake (D)
  A black mamba simulacrum (D)
  A necrophage (D)
  2 centaurs (D)
  An earth elemental (D)
  A water elemental (D)
  32 killer bees (D)
  An electric eel (D)
  5 orc priests (D)
  A jelly (D)
  A wizard (D)
  Jessica (D)
  A necromancer (D)
  An orc wizard (D)
  A kobold demonologist (D)
  3 humans (D)
  A wolf (D)
  An ooze (D)
  8 orcs (D)
  2 rats (D)
129 creatures vanquished.

Vanquished Creatures (others)
  3 fungi (D)
  14 plants (D)
  5 tentacles (D)
22 creatures vanquished.

Grand Total: 151 creatures vanquished

Notes
Turn   | Place    | Note
-------+----------+-------------------------------------------
     0 | D        | mhtbhm the Gargoyle Earth Elementalist began the quest for
                  | the Orb.
     0 | D        | Reached XP level 1. HP: 10/10 MP: 3/3
     3 | D        | Reached skill level 4 in Earth Magic
    91 | D        | Noticed Jessica
    92 | D        | Killed Jessica
    93 | D        | Reached skill level 6 in Earth Magic
    93 | D        | Reached XP level 2. HP: 15/15 MP: 1/6
    93 | D        | Reached XP level 3. HP: 19/19 MP: 1/8
   166 | D        | Learned a level 2 spell: Passwall
   170 | D        | Learned a level 3 spell: Stone Arrow
   180 | D        | Reached skill level 7 in Earth Magic
   257 | D        | Reached skill level 1 in Transmutations
   257 | D        | Reached XP level 4. HP: 10/24 MP: 0/10
   273 | D        | Gained mutation: You have large cloven feet. [potion of
                  | mutation]
   273 | D        | Gained mutation: You have a pair of small horns on your
                  | head. [potion of mutation]
   273 | D        | Gained mutation: Your muscles are strong. (Str +2) [potion
                  | of mutation]
   430 | D        | Lost mutation: You have large cloven feet. [potion of
                  | mutation]
   430 | D        | Lost mutation: Your muscles are strong. (Str +2) [potion of
                  | mutation]
   430 | D        | Lost mutation: You have a pair of small horns on your head.
                  | [potion of mutation]
   430 | D        | Gained mutation: You have an increased reservoir of magic.
                  | (+10% MP) [potion of mutation]
   430 | D        | Gained mutation: Your spells are a little harder to cast,
                  | but a little more powerful. [potion of mutation]
   430 | D        | Gained mutation: Armour fits poorly on your strangely
                  | shaped body. [potion of mutation]
   430 | D        | Gained mutation: Your muscles are strong. (Str +2) [potion
                  | of mutation]
   434 | D        | Lost mutation: Armour fits poorly on your strangely shaped
                  | body. [potion of mutation]
   434 | D        | Lost mutation: Your muscles are strong. (Str +2) [potion of
                  | mutation]
   434 | D        | Gained mutation: Your mind is acute. (Int +2) [potion of
                  | mutation]
   434 | D        | Gained mutation: You have sharp toenails. [potion of
                  | mutation]
   453 | D        | Noticed a water elemental
   455 | D        | Killed a water elemental
   456 | D        | Reached skill level 5 in Spellcasting
   456 | D        | Reached skill level 9 in Earth Magic
   456 | D        | Reached XP level 5. HP: 28/28 MP: 10/14
   485 | D        | Found a radiant altar of Vehumet.
   485 | D        | Found a shimmering blue altar of Sif Muna.
   485 | D        | Found an ancient bone altar of Kikubaaqudgha.
   494 | D        | Became a worshipper of Vehumet
   584 | D        | Learned a level 5 spell: Lee's Rapid Deconstruction
   589 | D        | Learned a level 4 spell: Petrify
   598 | D        | Found a hide-covered altar of Uskayaw.
   598 | D        | Found a roughly hewn altar of Beogh.
   598 | D        | Found an iron altar of Okawaru.
   598 | D        | Found a bloodstained altar of Trog.
   598 | D        | Found an ornate altar of the Wu Jian Council.
   598 | D        | Noticed a human
   598 | D        | Noticed a human
   600 | D        | Killed a human
   601 | D        | Reached skill level 11 in Earth Magic
   601 | D        | Reached XP level 6. HP: 32/32 MP: 4/18
   613 | D        | Killed a human
   614 | D        | Reached skill level 12 in Earth Magic
   614 | D        | Reached XP level 7. HP: 34/37 MP: 0/21
   824 | D        | Learned a level 3 spell: Mephitic Cloud
   830 | D        | Found a basalt altar of Yredelemnul.
   830 | D        | Found a shadowy altar of Dithmenos.
   830 | D        | Found a sacrificial altar of Ru.
   831 | D        | Reached * piety under Vehumet
   831 | D        | Offered knowledge of Shock by Vehumet.
   898 | D        | Found a glowing silver altar of Zin.
   898 | D        | Found a glowing golden altar of the Shining One.
   898 | D        | Found a white marble altar of Elyvilon.
   898 | D        | Noticed a deep elf mage
   900 | D        | Killed a deep elf mage
   901 | D        | Reached skill level 1 in Fighting
   901 | D        | Reached skill level 10 in Spellcasting
   901 | D        | Reached skill level 14 in Earth Magic
   901 | D        | Reached XP level 8. HP: 43/43 MP: 14/25
   966 | D        | Reached ** piety under Vehumet
   966 | D        | Noticed a shadow
   969 | D        | Killed a shadow
  1052 | D        | Found a blossoming altar of Fedhas.
  1052 | D        | Found a stormy altar of Qazlal.
  1052 | D        | Found a snail-covered altar of Cheibriados.
  1052 | D        | Found a burning altar of Makhleb.
  1052 | D        | Found a shimmering altar of Xom.
  1053 | D        | Found a hazy altar of Hepliaklqana.
  1053 | D        | Found an opulent altar of Gozag.
  1053 | D        | Found a sparkling altar of Nemelex Xobeh.
  1053 | D        | Found a corrupted altar of Lugonu.
  1053 | D        | Found a viscous altar of Jiyva.
  1057 | D        | Offered knowledge of Freeze by Vehumet.
  1145 | D        | Noticed Snorg
  1163 | D        | Killed Snorg
  1164 | D        | Reached skill level 15 in Earth Magic
  1164 | D        | Reached skill level 1 in Evocations
  1164 | D        | Reached XP level 9. HP: 47/47 MP: 3/28
  1288 | D        | Offered knowledge of Searing Ray by Vehumet.
  1288 | D        | Reached *** piety under Vehumet
  1366 | D        | Reached skill level 16 in Earth Magic
  1370 | D        | Noticed a centaur warrior
  1375 | D        | Killed a centaur warrior
  1559 | D        | Killed an unseen horror
  1559 | D        | Offered knowledge of Ignite Poison by Vehumet.
  1559 | D        | Reached **** piety under Vehumet
  1560 | D        | Reached skill level 17 in Earth Magic
  1560 | D        | Reached XP level 10. HP: 52/52 MP: 20/30
  1608 | D        | Learned a level 3 spell: Ignite Poison
  1621 | D        | Offered knowledge of Inner Flame by Vehumet.
  1635 | D        | Reached skill level 18 in Earth Magic
  1759 | D        | Noticed an orc high priest
  1759 | D        | Noticed an orc high priest
  1760 | D        | Reached ***** piety under Vehumet
  1760 | D        | Gained mutation: You do not regenerate when monsters are
                  | visible. [a neqoxec]
  1768 | D        | Killed an orc high priest
  1768 | D        | Killed an orc high priest
  1769 | D        | Reached skill level 15 in Spellcasting
  1769 | D        | Reached skill level 1 in Conjurations
  1770 | D        | Reached skill level 19 in Earth Magic
  1771 | D        | Reached ****** piety under Vehumet
  1857 | D        | Found a roughly hewn altar of Beogh.
  1866 | D        | Found Iniev's Gadget Shop.
  1942 | D        | Noticed a deep elf mage
  1942 | D        | Noticed a deep elf mage
  1942 | D        | Noticed a deep elf mage
  1942 | D        | Noticed a deep elf mage
  1942 | D        | Noticed a deep elf mage
  1950 | D        | Killed a deep elf mage
  1950 | D        | Offered knowledge of Hailstorm by Vehumet.
  1951 | D        | Killed a deep elf mage
  1952 | D        | Reached XP level 11. HP: 56/56 MP: 26/33
  1953 | D        | Killed a deep elf mage
  1956 | D        | Killed a deep elf mage
  1957 | D        | Reached skill level 20 in Earth Magic
  1964 | D        | Killed a deep elf mage
  2018 | D        | Noticed a deep elf demonologist
  2021 | D        | Noticed a deep elf annihilator
  2022 | D        | Killed a deep elf annihilator
  2023 | D        | Killed a deep elf demonologist
  2024 | D        | Noticed a deep elf death mage
  2026 | D        | Killed a deep elf death mage
  2027 | D        | Reached skill level 21 in Earth Magic
  2154 | D        | Noticed a deep elf master archer
  2475 | D        | Noticed a deep elf demonologist
  2476 | D        | Noticed a deep elf death mage
  2479 | D        | Killed a deep elf death mage
  2479 | D        | Offered knowledge of Lightning Bolt by Vehumet.
  2744 | D        | Noticed a deep elf annihilator
  2747 | D        | Killed a deep elf annihilator
  2755 | D        | Killed a deep elf demonologist
  3068 | D        | Reached skill level 22 in Earth Magic
  3068 | D        | Reached XP level 12. HP: 61/61 MP: 34/37
  3070 | D        | Offered knowledge of Conjure Ball Lightning by Vehumet.
  3304 | D        | Noticed Donald
  3304 | D        | Noticed Frances
  3311 | D        | Killed Donald
  3311 | D        | Offered knowledge of Bolt of Magma by Vehumet.
  3312 | D        | Killed Frances
  3313 | D        | Reached skill level 23 in Earth Magic
  3443 | D        | Noticed a sun demon
  3706 | D        | Learned a level 5 spell: Bolt of Magma
  3743 | D        | Offered knowledge of Orb of Destruction by Vehumet.
  3924 | D        | Found Jeavewuk's Magic Scroll Emporium.
  3924 | D        | Found Lekk's Magic Scroll Shop.
  3924 | D        | Found Coliymourr's Antique Armour Shoppe.
  3924 | D        | Found Roteh's Antique Weapon Boutique.
  3924 | D        | Found Maoda's Gadget Emporium.
  3924 | D        | Found Wabupt's Book Shoppe.
  3924 | D        | Found Ytuomuko's Antique Armour Shop.
  3924 | D        | Found Lubly's Jewellery Shop.
  3924 | D        | Found Kuqo's Assorted Antiques.
  3924 | D        | Found Dotobb's Distillery.
  3924 | D        | Found Qumibisae's Jewellery Boutique.
  3954 | D        | Bought a pair of glowing gloves for 225 gold pieces
  3954 | D        | Bought a glowing cloak for 225 gold pieces
  3965 | D        | Bought a scroll of blinking for 90 gold pieces
  4617 | D        | Killed a deep elf master archer
  4618 | D        | Reached skill level 24 in Earth Magic
  4618 | D        | Reached XP level 13. HP: 47/65 MP: 21/40
  4712 | D        | Offered knowledge of Freezing Cloud by Vehumet.
  5006 | D        | Noticed Urug
  5012 | D        | Killed Urug
  5012 | D        | Offered knowledge of Iron Shot by Vehumet.
  5020 | D        | Learned a level 6 spell: Iron Shot
  5088 | D        | Reached skill level 25 in Earth Magic
  5171 | D        | Noticed a kraken
  5364 | D        | Killed a kraken
  5365 | D        | Reached skill level 1 in Fire Magic
  5566 | D        | Found a blossoming altar of Fedhas.
  5569 | D        | Reached skill level 1 in Poison Magic
  5570 | D        | Offered knowledge of Fire Storm by Vehumet.
  5570 | D        | Offered knowledge of Shatter by Vehumet.
  5570 | D        | Offered knowledge of Ignition by Vehumet.
  5719 | D        | Found the +5 robe of Misfortune {*Contam Harm *Corrode
                  | *Drain *Slow EV+5}
  5721 | D        | Slain by a black mamba simulacrum

Illustrated notes

Levels and vault maps discovered:
D:        dungeon_sprint_mu [sprint_mu_entry_forest, sprint_mu_temple_rooms,
          sprint_mu_d1_horrors, sprint_mu_d2_genie, sprint_mu_d3_branching,
          sprint_mu_orc_legion, sprint_mu_elf_gauntlet, sprint_mu_hive_nellie,
          sprint_mu_lair_fedhas, sprint_mu_vaults_butterflies,
          sprint_mu_slime_circle, sprint_mu_swamp_cave, sprint_mu_shoals_kraken,
          sprint_mu_blade_basic, sprint_mu_crypt_lich, sprint_mu_tomb_spiral,
          sprint_mu_vestibule_basic, sprint_mu_gehenna_hellfire,
          sprint_mu_dis_giant, sprint_mu_tartarus_statrot,
          sprint_mu_cocytus_islands, sprint_mu_zot1]

Skill      XL: |  1  2  3  4  5  6  7  8  9 10 11 12 13 |
---------------+----------------------------------------+-----
Earth Magic    | 6 7 9 11 12 14 15 17 19 22 24 25 | 25.5
Dodging        | 2 3 4 |  4.5
Stealth        | 3 |  3.1
Spellcasting   | 3 4 5 7 8 10 12 14 15 17 20 21 | 21.1
Transmutations | 1 2 |  2.7
Fighting       | 1 |  1.3
Evocations     | 1 2 3 |  3.2
Conjurations   | 1 2 3 |  3.2
Fire Magic     | 1 |  1.2
Poison Magic   | 1 |  1.0
Air Magic      | |  0.8

Action                   |  1- 3 |  4- 6 |  7- 9 | 10-12 | 13-15 || total
-------------------------+-------+-------+-------+-------+-------++-------
Melee: Unarmed           |       |       |     5 |       |       ||     5
       Kick              |       |       |     2 |     2 |       ||     4
       Whip              |       |       |       |     6 |     2 ||     8
 Cast: Sandblast         |    14 |    13 |       |       |       ||    27
       Stone Arrow       |     1 |       |     1 |    12 |     1 ||    15
       Lee's Rapid Decon |       |     2 |    23 |    79 |    34 ||   138
       Petrify           |       |       |     2 |       |     8 ||    10
       Bolt of Magma     |       |       |       |     2 |     2 ||     4
       Mephitic Cloud    |       |       |       |     2 |     1 ||     3
       Passwall          |       |       |       |       |     2 ||     2
Evoke: Tin of tremorston |       |       |     2 |     2 |       ||     4
       Wand              |       |       |     2 |       |       ||     2
  Use: Potion            |       |     3 |       |     1 |     2 ||     6
 Stab: Petrified         |       |       |     5 |       |       ||     5
Armor: Robe              |       |     1 |     2 |     8 |     7 ||    18
Dodge: Dodged            |     8 |     2 |     1 |    28 |    16 ||    55

Table legend: (Time is in decaauts)
 A = Elapsed time spent in this place.
 B = Non-inter-level travel time spent in this place.
 C = Inter-level travel time spent in this place.
 D = Time resting spent in this place.
 E = Time spent auto-exploring this place.
 F = Levels seen in this place.
 G = Mean time per level.
                   A        B        C        D        E       F      G
               +--------+--------+--------+--------+--------+-----+--------+
         Total |   5752 |   5522 |    230 |   4376 |      1 |   1 | 5752.0 |
       Dungeon |   5752 |   5522 |    230 |   4376 |      1 |   1 | 5752.0 |
               +--------+--------+--------+--------+--------+-----+--------+

Top non-repeatable levels by time:
       D: 5752 daAuts
